 Dungeon Crawl Stone Soup version 0.31-a0-819-gf6de2f5ab6 (webtiles) character file.

Game seed: 1782292842808359887

11 qw the Shooter (level 2, 0/17 HPs)
             Began as a Gargoyle Hunter on Sept 23, 2023.
             Frozen to death by an endoplasm (4 damage)
             ... on level 1 of the Dungeon.
             The game lasted 00:00:09 (361 turns).

qw the Shooter (Gargoyle Hunter)                     Turns: 361, Time: 00:00:10

Health: 0/17       AC:  5    Str: 14    XL:     2   Next: 25%
Magic:  2/2        EV: 11    Int:  9    God:
Gold:   12         SH:  0    Dex: 13    Spells: 1/1 levels left

rFire   . . .        a - +0 shortbow
rCold   . . .        (shield currently unavailable)
rNeg    + . .        c - +0 leather armour
rPois   inf          (no helmet)
rElec   +            (no cloak)
rCorr   .            (no gloves)
SInv    .            (no boots)
Will    .....        (no amulet)
Stlth   +            (no ring)
HPRegen 0.22/turn    (no ring)
MPRegen 0.08/turn

%: no passive effects
@: no status effects
A: sickness immunity, AC +2, negative energy resistance 1, electricity
resistance, torment resistance 1, petrification resistance
a: no special abilities


You were on level 1 of the Dungeon.
You visited 1 branch of the dungeon, and saw 1 of its levels.

You collected 12 gold pieces.


Innate Abilities, Weirdness & Mutations

You are immune to sickness and miasma.
Your stone body is resilient. (AC +2)
You are immune to poison.
You resist negative energy. (rN+)
You are resistant to electric shocks. (rElec)
You are resistant to unholy torment.
You are immune to petrification.


   Skills:
 - Level 2.1 Fighting
 + Level 4.5 Ranged Weapons
 - Level 1.5 Dodging
 - Level 1.1 Stealth


You had one spell level left.
You didn't know any spells.
Your spell library was empty.

Inventory:

Hand Weapons
 a - a +0 shortbow (weapon)
Armour
 c - a +0 leather armour (worn)
Scrolls
 b - a scroll of butterflies
 d - 2 scrolls of teleportation {unknown}
 e - a scroll of fear {unknown}

Dungeon Overview and Level Annotations

Branches:
Dungeon (1/15)

Altars:


Message History

The kobold shouts!
The kobold moves out of view.
You shoot an arrow. The arrow hits the rat.
You kill the rat!
A kobold and an endoplasm come into view.
A bat comes into view.
The endoplasm moves out of view.
You shoot an arrow. The arrow closely misses the kobold.
You shoot an arrow. The arrow closely misses the kobold.
The bat hits you but does no damage.
You shoot an arrow. The arrow closely misses the kobold.
The bat hits you but does no damage. The kobold closely misses you.
The bat barely misses you.
You shoot an arrow. The arrow barely misses the bat.
The bat hits you but does no damage. The kobold hits you with a +0 whip.
You shoot an arrow. The arrow closely misses the kobold.
The bat barely misses you. The bat misses you.
The kobold hits you with a +0 whip. The bat barely misses you.
You shoot an arrow. The endoplasm quivers.
The arrow hits the kobold but does no damage.
The bat closely misses you. The bat completely misses you.
The kobold hits you with a +0 whip. The kobold misses you.
The bat hits you but does no damage.
You shoot an arrow. The arrow barely misses the kobold.
The bat hits you but does no damage. x2; The kobold hits you with a +0 whip.
You shoot an arrow. The arrow closely misses the kobold.
The bat hits you but does no damage. The kobold closely misses you.
You shoot an arrow. The arrow barely misses the kobold.
The bat hits you but does no damage. The kobold hits you with a +0 whip.
You shoot an arrow. The arrow hits the kobold.
The kobold is moderately wounded.
The bat hits you but does no damage.
The endoplasm jiggles.
The kobold barely misses you.
You shoot an arrow. The arrow barely misses the kobold.
The bat hits you but does no damage. The endoplasm freezes you.
You are frozen.
You die...

.....# #...#######...####.
.##..###..................
. #...##..................
. ##...###################
#.....................
########.##.##........
#..............
######'#####..b.....
#......).....@K......
#...........##J......
#..%........# .......
#...........# .......
#...........# .......
#...........# .......
#...........# .......
#########+## .......


You could see an endoplasm, a bat and a kobold.

Vanquished Creatures
  2 endoplasms (D:1)
  A giant cockroach (D:1)
  A quokka (D:1)
  2 bats (D:1)
  A kobold (D:1)
  4 rats (D:1)
11 creatures vanquished.

Notes
Turn   | Place    | Note
-------+----------+-------------------------------------------
     0 | D:1      | qw the Gargoyle Hunter began the quest for the Orb.
     0 | D:1      | Reached XP level 1. HP: 12/12 MP: 1/1
     0 | D:1      | 0 ||| qw: Version: 0.3-a-83-gcd0e7d8
     0 | D:1      | 0 ||| qw: Game counter: 1685
     0 | D:1      | 0 ||| qw: Melee chars always use a shield: true
     0 | D:1      | 0 ||| qw: God list: Okawaru
     0 | D:1      | 0 ||| qw: Allow faded altars: false
     0 | D:1      | 0 ||| qw: Do Orc after clearing Dungeon:15 true
     0 | D:1      | 0 ||| qw: Do second Lair branch before Depths: true
     0 | D:1      | 0 ||| qw: Lair rune preference: random
     0 | D:1      | 0 ||| qw: Goals: Normal
     0 | D:1      | 0 ||| PLANNING D:1-11
    95 | D:1      | Found a faded altar of an unknown god.
   258 | D:1      | Reached XP level 2. HP: 12/17 MP: 2/2
   357 | D:1      | HP: 4/17 [kobold/+0 whip (4)]
   361 | D:1      | Frozen to death by an endoplasm

Levels and vault maps discovered:
D:1:      dpeg_arrival_boxes_within_box, layout_basic, serial_forest,
          infiniplex_forest_join, infiniplex_forest_diagonal,
          infiniplex_forest_lined_2, infiniplex_forest_lined_2,
          infiniplex_forest_lined_room_3, infiniplex_forest_clump_medium,
          infiniplex_forest_lined_room_2, infiniplex_forest_lined_4_way,
          nicolae_ecumenical_lake_church

Action                     || total
---------------------------++-------
   Fire: Shortbow          ||    50
 Armour: Leather armour    ||    27
  Dodge: Dodged            ||    16

Table legend:
 A = Non-vault XP
 B = Vault XP
 C = Vault XP percentage of total XP
 D = Non-vault monster count
 E = Vault monster count
 F = Vault count percentage of total count
                 A         B        C        D         E       F
            +---------+---------+-------+---------+---------+-------
      Total |      16 |       0 |   0.0 |      11 |       0 |   0.0
            +---------+---------+-------+---------+---------+-------
        D:1 |      16 |       0 |   0.0 |      11 |       0 |   0.0
            +---------+---------+-------+---------+---------+-------
